 Dungeon Crawl Stone Soup version 0.31-a0-1-g4198be8af4 (webtiles) character file.

Game seed: 17675712286607657880

37410 Maxmaps the Cruncher (level 13, -1/159 HPs)
             Began as a Demonspawn Conjurer on May 2, 2023.
             Was an Initiate of Gozag.
             Slain by a skyshark (4 damage)
             ... on level 4 of the Lair of Beasts.
             The game lasted 00:48:18 (22683 turns).

Maxmaps the Cruncher (Demonspawn Conjurer)         Turns: 22683, Time: 00:48:19

Health: -1/159     AC: 16    Str: 16    XL:     13   Next: 58%
Magic:  28/29      EV: 14    Int: 24    God:    Gozag
Gold:   1967       SH:  6    Dex: 20    Spells: 19/22 levels left

rFire   + + .        g - staff of cold "Guocaloc" {rElec rC+ Will+ rCorr Str+7}
rCold   + + +        y - +0 buckler of Busa {+Inv rC+ MP+9}
rNeg    . . .        J - +6 ring mail of Fun and Games {rElec}
rPois   +            (helmet restricted)
rElec   +            B - scarf {repulsion}
rCorr   +            r - +1 pair of gloves {hurl}
SInv    +            E - +0 pair of boots of the Zebra {rPois rF+}
Will    +....        C - amulet "Ytsogeowk" {rElec rF+ Regen+ Dex+3 SInv} Stlth
                     f - ring of wizardry
HPRegen 1.26/turn    G - ring of protection from cold
MPRegen 0.21/turn

%: repel missiles, wizardry (x1)
@: berserking, very quick
A: horns 1, thin skeletal structure 3, ignite blood 2, spiny 3
a: Renounce Religion, Evoke Invisibility, Potion Petition, Call Merchant, Bribe
Branch


You were on level 4 of the Lair of Beasts.
You worshipped Gozag.
Gozag was most pleased with you.
You visited 3 branches of the dungeon, and saw 17 of its levels.
You also visited: Sewer, Bailey and Ice Cave.

You collected 4774 gold pieces.
You spent 1644 gold pieces at shops.
You paid 1163 gold pieces to Gozag.

Inventory:

Missiles
 w - 6 throwing nets
Armour
 m - a +0 pair of gloves
 n - the +0 ring mail of Broken Taboos {rPois rN+ Str+6}
   (You found it in an ice cave)

   Str:       It affects your strength (+6).
   rPois:     It protects you from poison.
   rN:        It protects you from negative energy.
 r - a +1 pair of gloves of hurling (worn)
 y - the +0 buckler of Busa (worn) {+Inv rC+ MP+9}
   (You bought it in a shop on level 11 of the Dungeon)

   rC:        It protects you from cold.
   MP:        It affects your magic capacity (+9).
   +Inv:      It lets you turn invisible.
 B - a scarf of repulsion (worn)
 E - the +0 pair of boots of the Zebra (worn) {rPois rF+}
   (You bought it in a shop on level 11 of the Dungeon)

   rF:        It protects you from fire.
   rPois:     It protects you from poison.
 H - a +2 robe of the Archmagi
 J - the +6 ring mail of Fun and Games (worn) {rElec}
   (You bought it in a shop on level 11 of the Dungeon)

   rElec:     It insulates you from electricity.
Magical Staves
 g - the staff of cold "Guocaloc" (weapon) {rElec rC+ Will+ rCorr Str+7}
   (You found it in a bailey)

   [staff of cold]

   Base accuracy: +5 Base damage: 5 Base attack delay: 1.2 This weapon's minimum
   attack delay (0.6) is reached at skill level 12.
   Str:       It affects your strength (+7).
   rC:        It protects you from cold.
   rElec:     It insulates you from electricity.
   rCorr:     It protects you from acid and corrosion.
   Will:      It increases your willpower.
   It falls into the 'Staves' category.
   It is a one-handed weapon.
Jewellery
 f - a ring of wizardry (left hand)
 x - an amulet of reflection
 C - the amulet "Ytsogeowk" (around neck) {rElec rF+ Regen+ Dex+3 SInv}
   (You acquired it on level 10 of the Dungeon)

   [amulet of regeneration]

   Dex:       It affects your dexterity (+3).
   rF:        It protects you from fire.
   rElec:     It insulates you from electricity.
   SInv:      It lets you see invisible.
   Regen:     It increases your rate of health regeneration.
 G - a ring of protection from cold (right hand)
Wands
 o - a wand of flame (32)
 p - a wand of roots (24)
 t - a wand of polymorph (26)
 A - a wand of light (1)
 L - a wand of paralysis (13)
Scrolls
 a - 3 scrolls of fear
 b - a scroll of torment {unknown}
 d - 9 scrolls of teleportation
 j - 2 scrolls of enchant armour
 u - 2 scrolls of brand weapon
 I - a scroll of silence
 M - a scroll of enchant weapon
 N - a scroll of magic mapping
 O - 2 scrolls of identify
 Q - 2 scrolls of amnesia
 S - 2 scrolls of fog
Potions
 c - 3 potions of might
 e - 8 potions of flight
 h - a potion of ambrosia
 i - a potion of haste
 k - 4 potions of mutation
 l - 9 potions of curing
 s - a potion of resistance
 v - 2 potions of attraction
 D - 2 potions of lignification
 F - 7 potions of brilliance
 P - a potion of cancellation
 R - 2 potions of magic
Miscellaneous
 q - a phial of floods
 z - a tin of tremorstones (2/2)


   Skills:
 - Level 11.3 Fighting
 - Level 5.5 Short Blades
 - Level 12.0 Staves
 + Level 7.3 Armour
 - Level 6.1 Dodging
 - Level 1.7 Stealth
 - Level 4.1 Shields
 - Level 5.1 Spellcasting
 - Level 10.1 Conjurations
 - Level 5.0 Evocations


You had 19 spell levels left.
You knew the following spells:

 Your Spells              Type           Power      Damage    Failure   Level
a - Magic Dart            Conj           100%       1d8       1%          1
b - Searing Ray           Conj           100%       2d8       1%          2

Your spell library contained the following spells:

 Spells                   Type           Power      Damage    Failure   Level
 Dazzling Flash           Conj/Hex       60%        N/A       2%          3
 Hailstorm                Conj/Ice       45%        3d10      2%          3
 Mephitic Cloud           Conj/Pois/Air  22%        N/A       6%          3
 Fulminant Prism          Conj/Hex       15%        3d10      10%         4
 Iskenderun's Mystic Bla  Conj/Tloc      30%        2d8       10%         4
 Call Imp                 Summ           12%        N/A       12%         2
 Anguish                  Hex/Necr       3%         N/A       56%         4
 Cause Fear               Hex            3%         N/A       56%         4
 Ice Form                 Ice/Tmut       9%         N/A       56%         4
 Enfeeble                 Hex            3%         N/A       100%        7
 Malign Gateway           Summ/Tloc      3%         N/A       100%        7
 Summon Horrible Things   Summ           3%         N/A       100%        8
 Simulacrum               Ice/Necr       Unusable   N/A       N/A         6

Dungeon Overview and Level Annotations

Branches:
Dungeon (12/15)            Temple (1/1) D:5            Lair (4/5) D:11
  Swamp (0/4) Lair:3       Spider (0/4) Lair:2          Orc (0/2) D:11
  Sewer (visited)          Bailey (visited)           IceCv (visited)
  Slime: Lair:4-5

Altars:
Ashenzari
Cheibriados
Dithmenos
Fedhas
Gozag
Hepliaklqana
Kikubaaqudgha
Makhleb
Nemelex Xobeh
Okawaru
Qazlal
Ru
Sif Muna
Trog
Uskayaw
Vehumet
Wu Jian
Xom
Yredelemnul

Shops:
D:11 [[

Portals:
Trove: D:11 (show slimy rune of Zot)

Annotations:
D:7 3 runed translucent doors, Mangosteen's ghost, novice GrMo
D:12 Nessos


Innate Abilities, Weirdness & Mutations

You have a pair of small horns on your head.
You have an unnaturally thin skeletal structure. (Dex +6, Stealth+++)
Your demonic aura often causes spilled blood to erupt in flames.
You are completely covered in sharp spines.


Message History

The skyshark closely misses you.
Unknown command.
The skyshark is engulfed in blazing flames.
The skyshark is struck by your spines. The skyshark bites you.
* * * LOW HITPOINT WARNING * * *
The skyshark misses you. The skyshark tail-slaps you.
* * * LOW HITPOINT WARNING * * *
A red film seems to cover your vision as you go berserk!
You feel yourself moving faster!
You feel mighty!
The skyshark is engulfed in blazing flames.
The skyshark is struck by your spines. The skyshark closely misses you.
The skyshark tail-slaps you!
* * * LOW HITPOINT WARNING * * *
The skyshark barely misses you.
The skyshark is engulfed in blazing flames.
The skyshark closely misses you.
The skyshark tail-slaps you but does no damage.
You block the skyshark's attack.
You hit the skyshark but do no damage. You freeze the skyshark.
You headbutt the skyshark.
The skyshark is heavily wounded.
You barely miss the skyshark. Your headbutt misses the skyshark.
The skyshark is heavily wounded.
The skyshark is engulfed in blazing flames.
The skyshark is struck by your spines.
The skyshark bites you but does no damage.
The skyshark tail-slaps you!
* * * LOW HITPOINT WARNING * * *
The skyshark tail-slaps you!
* * * LOW HITPOINT WARNING * * *
You barely miss the skyshark.
The skyshark is heavily wounded.
You hit the skyshark. You headbutt the skyshark!
The skyshark is heavily wounded.
The skyshark is engulfed in blazing flames.
The skyshark is struck by your spines.
The skyshark bites you but does no damage.
The skyshark tail-slaps you.
You die...
Your body crumbles into a pile of gold.

#.........##
#.........+........
#....PPPPP#..P.#P.
#...PPPPPPP.P.....
##.....PPPP......
#..PPPP.PP....#
#P..PPPPPP...##
###...#...#.P#..##
#.##.#......@l...#
##..+....##.○.°#.....
##.....P.P#P....+ ...
#.....PP.PP..###... .
##.<..PPP.P..# ....
#....P.P.P.## P.P.
#....PP.PP..# ...
##....PPPPP..# .P.
#......PPP..##


You could see a skyshark (berserk).

Vanquished Creatures
  2 azure jellies (IceCv)
  3 quicksilver oozes (IceCv)
  A hydra (Lair:2)
  A two-headed ogre (D:10)
  A boulder beetle (D:11)
  A catoblepas (Lair:3)
  Erica (D:9)
  3 bog bodies (Lair:3)
  Pikel (D:7)
  An orc knight (D:10)
  2 cyclopes (D:11)
  3 elephants
  Joseph (D:7)
  An ice statue (IceCv)
  5 cane toads
  A rime drake (Lair:3)
  A gargoyle (D:11)
  3 komodo dragons
  3 unseen horrors
  3 trolls
  Grinder (D:5)
  Prince Ribbit (D:7)
  A polar bear (Lair:3)
  8 blink frogs
  A hornet (D:10)
  9 slime creatures (IceCv)
  2 wyverns
  Sigmund (D:5)
  2 shadows
  2 vampires
  A spriggan (Lair:3)
  Eustachio (D:6)
  4 wraiths
  36 yaks
  A steam dragon (D:8)
  Grum (D:8)
  2 swamp worms (Lair:3)
  10 water moccasins
  Duvessa (D:5)
  4 ice beasts (D:6)
  3 orc warriors
  3 great orb of eyes simulacra (IceCv)
  6 centaurs
  5 ogres
  18 wolves
  3 phantoms
  5 slime creature simulacra (IceCv)
  A lemure (D:7)
  4 kobold brigands
  9 gnoll sergeants (Bailey)
  8 scorpions
  8 bullfrogs
  3 glowing shapeshifter simulacra (IceCv)
  11 wights
  Dowan (D:5)
  6 killer bees
  2 howler monkeys (D:9)
  An electric eel (Lair:3)
  A lava snake (D:8)
  11 gnoll boudas
  4 jellies
  6 orc priests
  6 hounds
  4 iguanas
  2 sleepcaps
  6 orc wizards
  A sickly merfolk siren (Sewer)
  A malarious merfolk avatar (Sewer)
  3 shapeshifter simulacra (IceCv)
  Robin (D:4)
  30 gnolls
  14 adders
  5 river rats (Sewer)
  A shadow imp (D:5)
  12 white imps (D:11)
  3 ufetubi
  A worm (D:5)
  5 dart slugs
  30 orcs
  6 endoplasms
  2 giant cockroaches
  12 goblins
  6 hobgoblins
  3 jackals (D:5)
  7 quokkas
  7 ball pythons
  9 bats
  7 frilled lizards
  20 kobolds
  21 rats
471 creatures vanquished.

Vanquished Creatures (others)
  11 fungi
  71 plants
82 creatures vanquished.

Grand Total: 553 creatures vanquished

Notes
Turn   | Place    | Note
-------+----------+-------------------------------------------
     0 | D:1      | Maxmaps the Demonspawn Conjurer began the quest for the
                  | Orb.
     0 | D:1      | Reached XP level 1. HP: 13/13 MP: 3/3
   510 | D:1      | Gained mutation: Your demonic aura sometimes causes spilled
                  | blood to erupt in flames. [demonic ancestry]
   510 | D:1      | Reached XP level 2. HP: 15/19 MP: 1/5
   983 | D:1      | Learned a level 2 spell: Searing Ray
  1192 | D:2      | Reached XP level 3. HP: 11/24 MP: 2/7
  1592 | D:2      | Gained mutation: You are partially covered in sharp spines.
                  | [demonic ancestry]
  1592 | D:2      | Reached XP level 4. HP: 22/30 MP: 1/10
  1992 | D:2      | Reached skill level 1 in Fighting
  2331 | D:3      | Gained mutation: You have a pair of small horns on your
                  | head. [demonic ancestry]
  2331 | D:3      | Reached XP level 5. HP: 56/56 MP: 11/11
  2333 | D:3      | Gained mutation: Your demonic aura often causes spilled
                  | blood to erupt in flames. [demonic ancestry]
  2333 | D:3      | Reached XP level 6. HP: 62/62 MP: 12/12
  2536 | D:3      | Identified the +2 dagger of Due Proportion {freeze,
                  | *Corrode rElec rC++ SInv}
  2570 | D:3      | Found a broken altar of Ashenzari.
  2606 | D:3      | Found a basalt altar of Yredelemnul.
  2606 | D:3      | Found a hazy altar of Hepliaklqana.
  2758 | D:3      | Found a glowing drain.
  2764 | D:3      | Gained mutation: You have a somewhat thin skeletal
                  | structure. (Dex +2, Stealth+) [demonic ancestry]
  2764 | D:3      | Reached XP level 7. HP: 60/68 MP: 11/13
  2772 | Sewer    | Entered a sewer
  4769 | D:4      | Noticed Robin
  4788 | D:4      | Killed Robin
  5007 | D:5      | Entered Level 5 of the Dungeon
  5028 | D:5      | Reached skill level 5 in Spellcasting
  5028 | D:5      | Reached XP level 8. HP: 43/75 MP: 8/15
  5226 | D:5      | Found a staircase to the Ecumenical Temple.
  5243 | Temple   | Entered the Ecumenical Temple
  5542 | Temple   | Became a worshipper of Gozag Ym Sagoz the Greedy
  5844 | D:5      | Noticed Sigmund
  5851 | D:5      | Killed Sigmund
  5917 | D:5      | Reached skill level 5 in Conjurations
  6346 | D:5      | Reached skill level 1 in Evocations
  6511 | D:5      | Noticed Grinder
  6535 | D:5      | Paralysed by Grinder for 4 turns
  6541 | D:5      | Killed Grinder
  6743 | D:5      | Gained mutation: You have a moderately thin skeletal
                  | structure. (Dex +4, Stealth++) [demonic ancestry]
  6743 | D:5      | Reached XP level 9. HP: 81/81 MP: 10/16
  6933 | D:5      | Noticed Duvessa
  6933 | D:5      | Noticed Dowan
  6943 | D:5      | Killed Dowan
  6945 | D:5      | Killed Duvessa
  7682 | D:6      | Reached skill level 5 in Evocations
  7859 | D:6      | Reached skill level 1 in Short Blades
  8093 | D:6      | Noticed Eustachio
  8114 | D:6      | Killed Eustachio
  8196 | D:7      | Noticed Joseph
  8196 | D:7      | Noticed Pikel
  8215 | D:7      | Killed Joseph
  8219 | D:7      | Found a flagged portal.
  8237 | D:7      | Killed Pikel
  8238 | D:7      | Reached XP level 10. HP: 63/88 MP: 1/17
  8310 | Bailey   | Entered a bailey
  9109 | Bailey   | Identified the +11 battleaxe of the Bouncing Servitors
                  | {flame, rPois rF+ Will- Dex+2}
  9187 | Bailey   | Reached skill level 5 in Short Blades
  9636 | Bailey   | Identified the staff of cold "Guocaloc" {rElec rC+ Will+
                  | rCorr Str+7}
  9908 | D:7      | Reached skill level 1 in Staves
 10349 | D:7      | Reached skill level 2 in Staves
 10481 | D:7      | Noticed Prince Ribbit
 10509 | D:7      | Killed Prince Ribbit
 10946 | D:7      | Found a runed translucent gate.
 10946 | D:7      | Found a runed translucent gate.
 10946 | D:7      | Found an opulent altar of Gozag.
 10946 | D:7      | Noticed a green ugly thing
 10947 | D:7      | Found a runed translucent gate.
 10950 | D:7      | Noticed a brown ugly thing
 10950 | D:7      | Noticed Mangosteen's ghost (novice GrMo)
 11175 | D:8      | Reached skill level 3 in Staves
 11192 | D:8      | Reached skill level 4 in Staves
 11725 | D:8      | Reached skill level 5 in Staves
 11725 | D:8      | Gained mutation: You have an unnaturally thin skeletal
                  | structure. (Dex +6, Stealth+++) [demonic ancestry]
 11725 | D:8      | Reached XP level 11. HP: 40/93 MP: 13/18
 12070 | D:8      | Noticed Grum
 12078 | D:8      | Killed Grum
 12654 | D:9      | Noticed Erica
 12666 | D:9      | Reached skill level 6 in Staves
 12670 | D:9      | Killed Erica
 12771 | D:9      | Found a stormy altar of Qazlal.
 13119 | D:9      | Reached skill level 7 in Staves
 13437 | D:10     | Entered Level 10 of the Dungeon
 13999 | D:9      | Identified a scroll of acquirement
 14302 | D:10     | Noticed a two-headed ogre
 14316 | D:10     | Killed a two-headed ogre
 14317 | D:10     | Reached skill level 8 in Staves
 14846 | D:10     | Noticed an orc knight
 14854 | D:10     | Killed an orc knight
 14855 | D:10     | Reached skill level 9 in Staves
 15420 | D:11     | Found a frozen archway.
 15499 | D:11     | Bought a glowing scarf for 312 gold pieces
 15499 | D:11     | Bought a pair of smoking boots for 370 gold pieces
 15499 | D:11     | Identified the +0 pair of boots of the Zebra {rPois rF+}
                  | (You bought it in a shop on level 11 of the Dungeon)
 15513 | D:11     | Bought a faintly glowing ring mail for 351 gold pieces
 15513 | D:11     | Identified the +6 ring mail of Fun and Games {rElec} (You
                  | bought it in a shop on level 11 of the Dungeon)
 15530 | D:11     | Bought a slimy buckler for 237 gold pieces
 15530 | D:11     | Identified the +0 buckler of Busa {+Inv rC+ MP+9} (You
                  | bought it in a shop on level 11 of the Dungeon)
 15530 | D:11     | Bought a pair of embroidered gloves for 187 gold pieces
 15552 | IceCv    | Entered an ice cave
 16044 | IceCv    | Reached skill level 10 in Staves
 16044 | IceCv    | Gained mutation: You are mostly covered in sharp spines.
                  | [demonic ancestry]
 16044 | IceCv    | Reached XP level 12. HP: 54/100 MP: 19/19
 16212 | IceCv    | Noticed a quicksilver ooze
 16216 | IceCv    | Noticed a quicksilver ooze
 16219 | IceCv    | Killed a quicksilver ooze
 16232 | IceCv    | Killed a quicksilver ooze
 16407 | IceCv    | Noticed a quicksilver ooze
 16420 | IceCv    | Killed a quicksilver ooze
 16421 | IceCv    | Reached skill level 11 in Staves
 16679 | IceCv    | Found a viscous altar of Jiyva.
 16679 | IceCv    | Noticed an azure jelly
 16732 | IceCv    | Killed an azure jelly
 16967 | IceCv    | Noticed an azure jelly
 16987 | IceCv    | Killed an azure jelly
 17216 | IceCv    | Identified the +0 ring mail of Broken Taboos {rPois rN+
                  | Str+6}
 17332 | IceCv    | Reached skill level 12 in Staves
 17594 | D:11     | Bought a pair of embroidered gloves for 187 gold pieces
 17657 | D:11     | Found a staircase to the Orcish Mines.
 17868 | D:11     | Found a staircase to the Lair.
 17920 | D:11     | Found a portal to a secret trove of treasure.
 18750 | D:11     | Noticed a boulder beetle
 18927 | D:10     | Acquired 401 gold pieces
 18934 | D:10     | Acquired the amulet "Ytsogeowk" {rElec rF+ Regen+ Dex+3
                  | SInv}
 19024 | D:11     | Killed a boulder beetle
 19686 | D:12     | Noticed Nessos
 19758 | Lair:1   | Entered Level 1 of the Lair of Beasts
 19786 | Lair:1   | Gained mutation: You are completely covered in sharp
                  | spines. [demonic ancestry]
 19786 | Lair:1   | Reached XP level 13. HP: 100/106 MP: 20/20
 20740 | Lair:2   | Reached skill level 10 in Conjurations
 21237 | Lair:2   | Found a hole to the Spider Nest.
 21652 | Lair:3   | Reached skill level 5 in Armour
 22253 | Lair:3   | Found a stormy altar of Qazlal.
 22493 | Lair:3   | Found a staircase to the Swamp.
 22681 | Lair:4   | HP: 2/159 [skyshark (8)]
 22683 | Lair:4   | Slain by a skyshark

Illustrated notes

Levels and vault maps discovered:
D:1:      dpeg_arrival_arbitrary_a, layout_basic, chequers_serial_rivers_micro_a
D:2:      layout_rooms, serial_park_tiny_2, hangedman_abyss_or_decor_stabs,
          nicolae_eternal_life, minmay_misc_feat_cross
D:3:      layout_basic, nicolae_ashenzari_skybound,
          chequers_temple_overflow_statue_of_worship, portal_sewer_entry_d,
          corexii_leaking_fountain, kennysheep_generic_room_10
D:4:      layout_loops_corners, chequers_serial_rivers_small_b, uniq_robin
D:5:      layout_cave_pools, nicolae_tso_swordbearing_angel, temple_statues,
          minivault_5, uniq_grinder, uniq_duvessa, uniq_sigmund
D:6:      layout_gridville, uniq_eustachio
D:7:      layout_basic, enter_bailey_6, ebering_ghost_gozag, uniq_joseph,
          uniq_prince_ribbit1, uniq_pikel
D:8:      layout_loops_ring, kennysheep_dice, uniq_grum
D:9:      layout_loops_ring, nicolae_qazlal_eye_of_the_storm, uniq_erica
D:10:     cheibrodos_barr_body, layout_long_grid, nzn_life_drinkers
D:11:     layout_long_grid, lair_entry_dummy, minmay_orc_entry_temple_small,
          portal_ice_cave_entry_imps, enter_trove_3
D:12:     layout_stronghold, serial_column_ruins, column_ruins_hut,
          column_ruins_grid_2, column_ruins_open_small, column_ruins_grid_1,
          column_ruins_corridor_straight, uniq_fannar, uniq_nessos
Temple:   minmay_temple_bridge_d
Lair:1:   layout_chaotic_city, minivault_26, grunt_megastairs_1
Lair:2:   layout_chaotic_city, spider_nest_entry_web_field, serial_forest,
          infiniplex_forest_clump_long, infiniplex_forest_corner_2,
          infiniplex_forest_clump_curved, infiniplex_forest_clump_diagonal,
          infiniplex_forest_lined_room_2, infiniplex_forest_straight_3,
          infiniplex_forest_end_2, infiniplex_forest_fountain, minivault_11
Lair:3:   layout_long_grid, nicolae_swamp_entry_splash_gauntlet, basic_altar,
          grunt_forest_large_clearing_hut
Lair:4:   layout_roguey, serial_forest, infiniplex_forest_end_3,
          infiniplex_forest_end_1, infiniplex_forest_lined_1,
          infiniplex_forest_clump_double, infiniplex_forest_pool,
          infiniplex_forest_end_1, infiniplex_forest_lined_room_3,
          infiniplex_forest_clump_large, lemuel_fruit_fields

Skill      XL: |  1  2  3  4  5  6  7  8  9 10 11 12 13 |
---------------+----------------------------------------+-----
Spellcasting   | 3 4 5 |  5.1
Fighting       | 11 | 11.3
Armour         | 3 4 7 |  7.3
Dodging        | 6 |  6.1
Shields        | 3 4 |  4.1
Conjurations   | 5 8 10 | 10.1
Evocations     | 3 5 |  5.0
Short Blades   | 3 5 |  5.5
Staves         | 5 10 12 | 12.0
Stealth        | |  1.7

Action                     |  1- 3 |  4- 6 |  7- 9 | 10-12 | 13-15 || total
---------------------------+-------+-------+-------+-------+-------++-------
  Melee: Unarmed           |    17 |    20 |   135 |       |       ||   172
         Punch             |     1 |       |       |       |       ||     1
         Headbutt          |       |     8 |    42 |   257 |    98 ||   405
         Dagger            |       |       |    63 |   139 |       ||   202
         Staff             |       |       |       |   747 |   292 ||  1039
   Cast: Magic Dart        |    54 |    25 |   242 |    46 |     4 ||   371
         Searing Ray       |     3 |     2 |    17 |    95 |     6 ||   123
 Invoke: Call Merchant     |       |       |       |     2 |       ||     2
  Evoke: Wand              |       |       |       |    27 |     4 ||    31
         Tin of tremorston |       |       |       |     1 |       ||     1
    Use: Scroll            |       |     7 |     8 |    13 |     2 ||    30
         Potion            |       |     2 |       |     6 |     2 ||    10
   Stab: Sleeping          |       |       |     3 |    17 |     5 ||    25
         Distracted        |       |       |       |     2 |     2 ||     4
 Armour: Robe              |     3 |       |       |       |       ||     3
         Ring mail         |     1 |     9 |    81 |   165 |    98 ||   354
         Leather armour    |       |       |       |    77 |       ||    77
  Dodge: Dodged            |    20 |    14 |   156 |   446 |   119 ||   755
         Repelled          |       |       |       |     1 |       ||     1
  Block: Buckler           |       |     7 |    82 |   456 |    71 ||   616
         Reflection        |       |       |       |     9 |       ||     9

Table legend: (Time is in decaauts)
 A = Elapsed time spent in this place.
 B = Non-inter-level travel time spent in this place.
 C = Inter-level travel time spent in this place.
 D = Time resting spent in this place.
 E = Time spent auto-exploring this place.
 F = Levels seen in this place.
 G = Mean time per level.
                   A        B        C        D        E       F      G
               +--------+--------+--------+--------+--------+-----+--------+
         Total |  22439 |  21590 |    849 |   3673 |  13392 |  20 | 1121.9 |
       Dungeon |  14929 |  14316 |    613 |   2039 |   9462 |  12 | 1244.1 |
        Temple |    370 |    225 |    145 |      0 |    213 |   1 |  370.0 |
          Lair |   2817 |   2726 |     91 |    105 |   2083 |   4 |  704.2 |
         Sewer |    864 |    864 |      0 |     80 |    562 |   1 |  864.0 |
        Bailey |   1460 |   1460 |      0 |    540 |    483 |   1 | 1460.0 |
      Ice Cave |   1996 |   1996 |      0 |    909 |    589 |   1 | 1996.0 |
               +--------+--------+--------+--------+--------+-----+--------+

Top non-repeatable levels by time:
    D:10: 2027 daAuts
    D:11: 2018 daAuts
   IceCv: 1996 daAuts
     D:5: 1813 daAuts
  Bailey: 1460 daAuts
     D:7: 1412 daAuts
     D:4: 1412 daAuts
     D:8: 1302 daAuts
     D:1: 1169 daAuts
     D:9: 1143 daAuts
     D:2: 1122 daAuts
  Lair:3: 1027 daAuts
  Lair:2: 915 daAuts
   Sewer: 864 daAuts
     D:6: 832 daAuts
